 Seeded DCSS version 0.29.1-1-gd02db6906a (webtiles) character file.

Game seed: 5488918241580617533 (custom seed)

19 RascalDebosk the Trooper (level 2, 24/27 HPs)
             Began as a Hill Orc Fighter on Sept 18, 2022.
             Quit the game on level 1 of the Dungeon.
             The game lasted 00:05:59 (451 turns).

RascalDebosk the Trooper (Hill Orc Fighter)          Turns: 451, Time: 00:06:00

Health: 24/27      AC:  9    Str: 18    XL:     2   Next: 75%
Magic:  2/2        EV:  6    Int:  8    God:
Gold:   37         SH:  4    Dex: 10    Spells: 1/1 levels left

rFire   . . .      SeeInvis .   a - +0 war axe
rCold   . . .      Faith    .   c - +0 buckler
rNeg    . . .      Spirit   .   f - +0 chain mail
rPois   .          Reflect  .   (no helmet)
rElec   .          Harm     .   (no cloak)
rCorr   .          Rampage  .   (no gloves)
Will    .....                   (no boots)
Stlth   ..........              (no amulet)
HPRegen 0.09/turn               (no ring)
MPRegen 0.08/turn               (no ring)

@: no status effects
A: no striking features
a: no special abilities


You were on level 1 of the Dungeon.
You visited 1 branch of the dungeon, and saw 1 of its levels.

You collected 37 gold pieces.

Inventory:

Hand Weapons
 a - a +0 war axe (weapon)
Armour
 b - a +0 scale mail
 c - a +0 buckler (worn)
 f - a +0 chain mail (worn)
Scrolls
 g - a scroll of vulnerability {unknown}
 h - 3 scrolls of teleportation {unknown}
Potions
 d - a potion of might
 e - a potion of flight {unknown}


   Skills:
 + Level 3.8 Fighting
 + Level 3.0 Axes
 + Level 0.6 Throwing
 + Level 3.5 Armour
 + Level 3.4 Shields
 + Level 1.0 Invocations


You had one spell level left.
You didn't know any spells.
Your spell library was empty.

Dungeon Overview and Level Annotations

Branches:
Dungeon (1/15)

Altars:


Message History

Things that are here:
a +0 short sword; a stone You start putting on your armour.
You continue putting on your +0 chain mail. x4
You finish putting on your +0 chain mail.
A quokka comes into view.
Found a short smoking staff.
A quokka is nearby!
Found 3 scrolls labelled MYUQ RIALOAPS.
You slash the quokka!
You kill the quokka!
An endoplasm comes into view.
The endoplasm quivers.
You see here 10 gold pieces.
You now have 31 gold pieces (gained 10).
Found 5 stones.
You slash the endoplasm!
You kill the endoplasm!
A kobold comes into view. It is wielding a +0 whip.
The kobold shouts!
The kobold throws a stone.
The stone hits you but does no damage.
A ball python comes into view.
The ball python hisses angrily.
The kobold throws a stone.
The stone hits you but does no damage.
A giant cockroach comes into view.
The giant cockroach moves out of view.
You closely miss the ball python. The ball python barely misses you.
The ball python closely misses you. x2; The ball python completely misses you.
You barely miss the ball python. The ball python barely misses you.
The ball python grabs you. The ball python constricts you.
You closely miss the ball python. The ball python bites you.
The ball python constricts you. The ball python bites you.
The ball python constricts you.
You slash the ball python!
You kill the ball python!
You hit the giant cockroach. The giant cockroach barely misses you.
The giant cockroach bites you. The kobold barely misses you.
You hit the giant cockroach.
The giant cockroach is almost dead.
You closely miss the kobold.
The giant cockroach bites you but does no damage.
The kobold barely misses you.
The giant cockroach waves its antennae.
The giant cockroach bites you but does no damage.
You hit the giant cockroach.
You kill the giant cockroach!
You barely miss the kobold. You block the kobold's attack.
The kobold hits you but does no damage.
You hit the kobold.
You kill the kobold!
A kobold comes into view. It is wielding a +0 short sword.
The kobold shouts!
Items here: ( ) ? ††.
The kobold barely misses you.
You barely miss the kobold. The kobold hits you but does no damage.
You block the kobold's attack.
An endoplasm comes into view.
The endoplasm quivers.
You slash the kobold!
You kill the kobold!
You see here a +0 short sword.
You hit the endoplasm.
The endoplasm is heavily wounded.
A kobold comes into view. It is wielding a +0 short sword.
You block the endoplasm's attack.
The kobold shouts!
You hit the endoplasm.
You kill the endoplasm!
Found a scroll labelled TUTHRU SIFYQUSO.
You hit the kobold.
The kobold is heavily wounded.
The kobold closely misses you.
You hit the kobold.
You kill the kobold!
Your Axes skill increases to level 3!
Your Invocations skill increases to level 1!
You see here a +0 short sword.
g - a scroll labelled TUTHRU SIFYQUSO You see here a staff of death.
h - 3 scrolls labelled MYUQ RIALOAPS
Items here: ( ) ††.
Found a stone staircase leading down.
A giant cockroach comes into view.
The giant cockroach bites you but does no damage.
You slash the giant cockroach!
You kill the giant cockroach!
You see here 5 stones.
Found 3 stones.
Found a stone staircase leading down.
There is a stone staircase leading down here.
You now have 37 gold pieces (gained 6).
Found a cloak.
You see here a +0 cloak.
Found a faded altar of an unknown god.
A kobold comes into view. It is wielding a +0 whip.
You completely miss the kobold. The kobold hits you with a +0 whip.
You closely miss the kobold.
The kobold hits you but does no damage. x2
You slash the kobold!
You kill the kobold!
Are you sure you want to abandon this character and quit the game? (Confirm with "yes".)

.♣♣ ..♣♣ ♣♣ ...♣
...♣♣♣♣..♣
......8♣ ♣♣.⌠.._♣
♣...).8♣ ♣♣♣♣@.♣
....... ♣.♣♣.♣♣
....... ♣.♣.♣♣
...... ####.♣.♣
.....#####.....♣♣
...........#..##
.....##...#..##
..#..##.....##
#.)..#......#


There were no monsters in sight!

Vanquished Creatures
  4 endoplasms (D:1)
  2 giant cockroaches (D:1)
  A hobgoblin (D:1)
  2 quokkas (D:1)
  A ball python (D:1)
  A frilled lizard (D:1)
  6 kobolds (D:1)
17 creatures vanquished.

Notes
Turn   | Place    | Note
-------+----------+-------------------------------------------
     0 | D:1      | RascalDebosk the Hill Orc Fighter began the quest for the
                  | Orb.
     0 | D:1      | Reached XP level 1. HP: 19/19 MP: 1/1
   231 | D:1      | Reached XP level 2. HP: 24/27 MP: 2/2
   344 | D:1      | Reached skill level 1 in Invocations
   442 | D:1      | Found a faded altar of an unknown god.
   451 | D:1      | Quit the game

Illustrated notes

Levels and vault maps discovered:
D:1:      elethiomel_arrival_infinity_welcomes_careful_drivers, layout_rooms,
          shapermc_ecumenical_altar_totnotflames

Skill      XL: |  1  2 |
---------------+-------+-----
Axes           | 3 |  3.0
Invocations    | 1 |  1.0
Fighting       | |  3.8
Throwing       | |  0.6
Armour         | |  3.5
Shields        | |  3.4

Action                   || total
-------------------------++-------
Melee: War axe           ||    38
Armor: Scale mail        ||     8
       Chain mail        ||     9
Dodge: Dodged            ||    16
Block: Buckler           ||     6
